 Dungeon Crawl Stone Soup version 0.28-a0-128-gcbb86046cc (webtiles) character file.

Game seed: 12862595410584454236

1832 spiderkeys the Skirmisher (level 8, -3/71 HPs)
             Began as a Minotaur Arcane Marksman on Aug 16, 2021.
             Was a High Priest of Fedhas.
             Slain by a gnoll sergeant (10 damage)
             ... on level 6 of the Dungeon.
             The game lasted 00:17:40 (7740 turns).

spiderkeys the Skirmisher (MiAM)                    Turns: 7740, Time: 00:17:40

Health: -3/71      AC:  6    Str: 15    XL:     8   Next: 86%
Magic:  8/8        EV: 13    Int: 16    God:    Fedhas [*****.]
Gold:   362        SH:  0    Dex: 13    Spells: 8/9 levels left

rFire   . . .      SeeInvis .   e - +0 dagger
rCold   . . .      Faith    .   (no shield)
rNeg    + . .      Spirit   .   l - +0 ring mail
rPois   .          Reflect  .   (helmet restricted)
rElec   .          Harm     .   (no cloak)
rCorr   .          Rampage  .   (no gloves)
Will    .....                   (no boots)
Stlth   +.........              (no amulet)
HPRegen 0.21/turn               I - +6 ring of intelligence
MPRegen 0.11/turn               N - ring of positive energy

@: no status effects
A: horns 2, retaliatory headbutt
a: Renounce Religion, Wall of Briars, Grow Ballistomycete, Overgrow, Grow Oklob


You were on level 6 of the Dungeon.
You worshipped Fedhas.
Fedhas was extremely pleased with you.
You visited 1 branch of the dungeon, and saw 6 of its levels.
You also visited: Sewer.

You collected 362 gold pieces.


Innate Abilities, Weirdness & Mutations

You have a pair of horns on your head.
You reflexively headbutt those who attack you in melee.


   Skills:
 + Level 6.9 Fighting
 + Level 6.6 Crossbows
 + Level 6.6 Armour
 + Level 6.6 Dodging
 - Level 1.0 Spellcasting
 - Level 2.0 Hexes


You had 8 spell levels left.
You knew the following spells:

 Your Spells              Type           Power      Damage    Failure   Level
c - Corona                Hex            7%         N/A       19%         1

Your spell library contained the following spells:

 Spells                   Type           Power      Damage    Failure   Level
 Slow                     Hex            7%         N/A       26%         2
 Inner Flame              Hex/Fire       4%         N/A       63%         3
 Portal Projectile        Hex/Tloc       8%         N/A       63%         3
 Cause Fear               Hex            3%         N/A       87%         4

Inventory:

Hand Weapons
 a - a +1 hand crossbow of flaming
 e - a +0 dagger (weapon)
   (You took it off a goblin on level 1 of the Dungeon)
Missiles
 c - 7 bolts
 d - 27 arrows
 f - 139 stones (quivered)
 g - 8 silver boomerangs
 o - 26 poisoned darts
 s - 9 boomerangs
 u - 4 curare-tipped darts {=f}
Armour
 l - a +0 ring mail (worn)
   (You found it on level 1 of the Dungeon)
Jewellery
 C - a ring of ice
   (You found it on level 1 of the Dungeon)
 I - a +6 ring of intelligence (left hand)
   (You found it on level 2 of the Dungeon)
 N - a ring of positive energy (right hand)
   (You found it on level 3 of the Dungeon)
Wands
 q - a wand of digging (5)
   (You found it on level 4 of the Dungeon)
 t - a wand of iceblast (11)
   (You found it on level 6 of the Dungeon)
Scrolls
 h - 3 scrolls of teleportation {@r4}
 m - a scroll of immolation {!r!r}
 n - 2 scrolls of enchant armour
 p - a scroll of torment {!r}
 r - a scroll of blinking {!r}
 v - a scroll of magic mapping {!r}
Potions
 b - a potion of cancellation
 i - 3 potions of might
 j - 2 potions of curing {@q1}
 k - a potion of resistance

Dungeon Overview and Level Annotations

Branches:
Dungeon (6/15)              Sewer (visited)
 Temple: D:4-7

Altars:
Cheibriados
Fedhas
Gozag
Kikubaaqudgha
Wu Jian
Yredelemnul

Shops:
D:1 ?

Annotations:
D:3 1 runed translucent door, Crazy Yiuf

..###...................#........
.#.. ............................
.##.##..##............#..##....##
..#....###<.........####..#)##...
..##.................###....###..
#.............................#..
..).............................#
...............<..........#....##
................@))...........##
................g.)..........##
.................###.........#
.............#...# #........##
............##...###............
##......##.#....................#
##....#.#.#..#..............#...
##...#...#...##.............#..
#....#.......##.#....#...####.


You could see a gnoll sergeant.


Message History

You see here a +0 spear. 😮 HP[+1]
Things that are here:
a +0 whip; a gnoll corpse
There is a stone staircase leading down here. 😮 HP[+1]
You start resting. 😎 HP[+20]
Your hp is fully restored (71).
You climb downwards.
The gnoll barely misses you.
There is a stone staircase leading up here.
The gnoll hits you with a +0 spear. 😕 HP[-2]
You take 2 damage, and now have 69/71 hp.
You hit the gnoll. You headbutt the gnoll.
The gnoll hits you but does no damage. 😕 HP[+1]
You barely miss the gnoll. Your headbutt misses the gnoll.
The gnoll sergeant hits you from afar with a +0 spear.
The gnoll hits you but does no damage. 😕 HP[-5]
You take 5 damage, and now have 65/71 hp.
You hit the gnoll.
The gnoll sergeant hits you from afar with a +0 spear.
The gnoll hits you with a +0 spear. 😕 HP[-9]
You take 9 damage, and now have 56/71 hp.
You hit the gnoll but do no damage.
The gnoll sergeant hits you from afar with a +0 spear!
The gnoll hits you but does no damage. 😮 HP[-10]
You take 10 damage, and now have 46/71 hp.
You are too injured to fight recklessly!
You are too injured to fight recklessly!
You are too injured to fight recklessly!
You are too injured to fight recklessly!
You are too injured to fight recklessly!
You hit the gnoll.
The gnoll sergeant hits you from afar with a +0 spear.
The gnoll misses you. 😮 HP[-2]
You take 2 damage, and now have 44/71 hp.
You hit the gnoll.
You kill the gnoll!
Fedhas appreciates your contribution to the ecosystem.
The gnoll sergeant hits you from afar with a +0 spear. 😮 HP[-2]
You take 2 damage, and now have 42/71 hp.
The gnoll sergeant completely misses you.
You furiously retaliate!
You headbutt the gnoll sergeant.
You hit the gnoll sergeant but do no damage.
The gnoll sergeant hits you but does no damage.
You hit the gnoll sergeant but do no damage.
You headbutt the gnoll sergeant, but do no damage.
The gnoll sergeant closely misses you.
You hit the gnoll sergeant but do no damage.
The gnoll sergeant hits you with a +0 spear.
You hit the gnoll sergeant but do no damage.
Your headbutt misses the gnoll sergeant.
The gnoll sergeant hits you with a +0 spear!
* * * LOW HITPOINT WARNING * * *
You hit the gnoll sergeant but do no damage.
The gnoll sergeant hits you with a +0 spear.
* * * LOW HITPOINT WARNING * * *
😨 HP[-11]
You take 11 damage, and now have 31/71 hp.
You barely miss the gnoll sergeant.
The gnoll sergeant hits you with a +0 spear.
* * * LOW HITPOINT WARNING * * *
You hit the gnoll sergeant but do no damage.
The gnoll sergeant completely misses you.
You hit the gnoll sergeant.
The gnoll sergeant hits you with a +0 spear!
* * * LOW HITPOINT WARNING * * *
😨 HP[-10]
You take 10 damage, and now have 21/71 hp.
Your ring mail prevents you from hitting the gnoll sergeant.
You headbutt the gnoll sergeant, but do no damage.
The gnoll sergeant barely misses you. 😨 HP[+1]
You hit the gnoll sergeant but do no damage.
Your headbutt misses the gnoll sergeant.
The gnoll sergeant closely misses you.
You hit the gnoll sergeant.
The gnoll sergeant hits you with a +0 spear.
* * * LOW HITPOINT WARNING * * *
😱 HP[-6]
You take 6 damage, and now have 16/71 hp.
You hit the gnoll sergeant but do no damage.
The gnoll sergeant closely misses you. You furiously retaliate!
You headbutt the gnoll sergeant.
You hit the gnoll sergeant but do no damage.
The gnoll sergeant hits you with a +0 spear!
* * * LOW HITPOINT WARNING * * *
😱 HP[-9]
You take 9 damage, and now have 7/71 hp.
You hit the gnoll sergeant but do no damage.
The gnoll sergeant hits you with a +0 spear!
You die...
Fedhas appreciates your contribution to the ecosystem.

Skill      XL: |  1  2  3  4  5  6  7  8 |
---------------+-------------------------+-----
Armour         | 1 2 3 4 5 6 |  6.6
Fighting       | 2 3 4 5 6 |  6.9
Crossbows      | 3 4 5 6 |  6.6
Dodging        | 3 4 5 6 |  6.6
Spellcasting   | |  1.0
Hexes          | |  2.0

Action                   |  1- 3 |  4- 6 |  7- 9 || total
-------------------------+-------+-------+-------++-------
Melee: Dagger            |     5 |       |   100 ||   105
       Headbutt          |       |       |    23 ||    23
 Fire: Hand crossbow     |    89 |   145 |   172 ||   406
Throw: Stone             |       |       |     3 ||     3
       Boomerang         |       |       |     1 ||     1
  Use: Scroll            |     3 |     6 |     2 ||    11
       Potion            |       |       |     4 ||     4
Armor: Robe              |    16 |       |       ||    16
       Ring mail         |     3 |    21 |    48 ||    72
Dodge: Dodged            |    38 |    58 |   135 ||   231

Levels and vault maps discovered:
D:1:      denvon_arrival_planthouse, layout_loops_corners, serial_shops,
          nicolae_shop_waterfront, ebering_ecumenical_altar_mist, st_stairs_12,
          minmay_misc_feat_encased, nrook_loot_triangle, dk_noncrumbling_4
D:2:      layout_rooms, basic_altar
D:3:      layout_loops_corners, slow_altar_1, old_standard_altar,
          minmay_unequal, uniq_natasha, uniq_crazy_yiuf_cottage
D:4:      layout_loops_corners, mainiacjoe_overflow_boulevard, marbit_many_paths
D:5:      layout_basic, nicolae_wu_jian_wuxing_cycle, nrook_campfire,
          uniq_prince_ribbit1
D:6:      layout_layer_cave, ebering_ghost_rock_garden, gup_sewer_entry_bowl

Notes
Turn   | Place    | Note
-------+----------+-------------------------------------------
     0 | D:1      | spiderkeys the Minotaur Arcane Marksman began the quest for
                  | the Orb.
     0 | D:1      | Reached XP level 1. HP: 16/16 MP: 1/1
     0 | D:1      | magus.rc [v1.9.10]
   407 | D:1      | Reached XP level 2. HP: 23/23 MP: 2/2
   419 | D:1      | Reached skill level 1 in Armour
   751 | D:1      | Found a faded altar of an unknown god.
   832 | D:1      | Became a worshipper of Fedhas Madash
   832 | D:1      | Reached * piety under Fedhas
   987 | D:1      | Found Vuzxag's Magic Scroll Shoppe.
  1156 | D:1      | Reached skill level 2 in Fighting
  1269 | D:1      | Reached XP level 3. HP: 26/29 MP: 3/3
  1681 | D:2      | Reached skill level 3 in Crossbows
  1681 | D:2      | Reached skill level 2 in Armour
  1681 | D:2      | Reached skill level 3 in Dodging
  1779 | D:2      | Reached ** piety under Fedhas
  1798 | D:2      | Found an opulent altar of Gozag.
  1861 | D:2      | Reached XP level 4. HP: 37/37 MP: 4/4
  2189 | D:3      | Noticed Natasha
  2197 | D:3      | Killed Natasha
  2417 | D:3      | Noticed a bullfrog
  2426 | D:3      | HP: 8/37 [bullfrog (6)]
  2427 | D:3      | Killed a bullfrog
  2428 | D:3      | Reached skill level 3 in Fighting
  2428 | D:3      | Reached XP level 5. HP: 10/45 MP: 5/5
  2480 | D:3      | Noticed Natasha
  2487 | D:3      | HP: 8/45 [Natasha (5)]
  2488 | D:3      | Killed Natasha
  2489 | D:3      | Reached skill level 3 in Armour
  2834 | D:3      | Found a basalt altar of Yredelemnul.
  2943 | D:3      | Noticed Natasha
  2945 | D:3      | Killed Natasha
  2946 | D:3      | Reached XP level 6. HP: 52/52 MP: 6/6
  3053 | D:3      | Reached skill level 4 in Crossbows
  3055 | D:3      | Reached skill level 4 in Dodging
  3360 | D:3      | Found a snail-covered altar of Cheibriados.
  3399 | D:3      | Found a runed translucent door.
  3400 | D:3      | Noticed Crazy Yiuf
  3776 | D:4      | Found an opulent altar of Gozag.
  3784 | D:4      | Reached skill level 4 in Fighting
  4058 | D:4      | Found an ancient bone altar of Kikubaaqudgha.
  4066 | D:4      | Reached skill level 4 in Armour
  4134 | D:4      | Reached *** piety under Fedhas
  4523 | D:4      | Reached XP level 7. HP: 60/60 MP: 7/7
  5010 | D:5      | Entered Level 5 of the Dungeon
  5053 | D:5      | Noticed Prince Ribbit
  5068 | D:5      | Found an ornate altar of the Wu Jian Council.
  5482 | D:5      | Reached skill level 5 in Fighting
  5482 | D:5      | Reached skill level 5 in Crossbows
  5482 | D:5      | Reached skill level 5 in Dodging
  5853 | D:5      | Reached skill level 5 in Armour
  6019 | D:5      | Reached XP level 8. HP: 48/69 MP: 8/8
  6297 | D:5      | Killed Prince Ribbit
  6298 | D:5      | Reached skill level 6 in Fighting
  6298 | D:5      | Reached skill level 6 in Crossbows
  6412 | D:6      | Reached skill level 6 in Armour
  6412 | D:6      | Reached skill level 6 in Dodging
  6481 | D:6      | Found a glowing drain.
  6486 | Sewer    | Entered a sewer
  6487 | Sewer    | Reached **** piety under Fedhas
  6724 | Sewer    | Reached ***** piety under Fedhas
  7737 | D:6      | HP: 16/71 [gnoll sergeant (6)]
  7739 | D:6      | HP: 7/71 [gnoll sergeant (10)]
  7740 | D:6      | Slain by a gnoll sergeant

Vanquished Creatures
  Prince Ribbit (D:5)
  A water moccasin (D:6)
  An ice beast (D:5)
  A black bear (D:5)
  A centaur (D:4)
  3 bullfrogs
  A wyvern zombie (D:6)
  3 scorpions (D:5)
  A water moccasin zombie (D:5)
  A centaur zombie (D:5)
  2 hounds (D:4)
  3 jellies
  A bullfrog skeleton (D:3)
  Natasha (thrice) (D:3)
  4 iguanas
  A killer bee zombie (D:5)
  A mummy (D:3)
  14 adders
  8 gnolls
  A worm (D:6)
  A dart slug (D:2)
  8 orcs (D:5)
  10 ball pythons
  15 endoplasms
  13 giant cockroaches
  9 goblins
  9 hobgoblins
  10 jackals
  14 quokkas
  5 bats
  21 frilled lizards
  12 kobolds
  4 rats
183 creatures vanquished.

Table legend:
 A = Non-vault XP
 B = Vault XP
 C = Vault XP percentage of total XP
 D = Non-vault monster count
 E = Vault monster count
 F = Vault count percentage of total count
                 A         B        C        D         E       F
            +---------+---------+-------+---------+---------+-------
      Total |    1911 |     707 |  27.0 |     116 |      67 |  36.6
            +---------+---------+-------+---------+---------+-------
        D:1 |      41 |       3 |   6.8 |      24 |       2 |   7.7
        D:2 |      75 |       0 |   0.0 |      17 |       0 |   0.0
        D:3 |     181 |     149 |  45.2 |      15 |       7 |  31.8
        D:4 |     340 |       1 |   0.3 |      28 |       1 |   3.4
        D:5 |     937 |     251 |  21.1 |      24 |       1 |   4.0
        D:6 |     337 |      10 |   2.9 |       8 |       4 |  33.3
      Sewer |       0 |     293 | 100.0 |       0 |      52 | 100.0
            +---------+---------+-------+---------+---------+-------

Illustrated notes

Table legend:
 A = Kills in this place as a percentage of kills in entire the game.
 B = Kills by you in this place as a percentage of kills by you in the entire game.
 C = Kills by friends in this place as a percentage of kills by friends in the entire game.
 D = Other kills in this place as a percentage of other kills in the entire game.
 E = Experience gained in this place as a percentage of experience gained in the entire game.
 F = Experience gained in this place divided by the number of levels of this place that you have seen.
                   A       B       C       D       E      F
               +-------+-------+-------+-------+-------+----------------------
         Total | 100.0 | 100.0 |   N/A |   N/A | 100.0 | 374.0
       Dungeon |  71.6 |  71.6 |   N/A |   N/A |  88.8 | 387.5
         Sewer |  28.4 |  28.4 |   N/A |   N/A |  11.2 | 293.0
               +-------+-------+-------+-------+-------+----------------------

Table legend: (Time is in decaauts)
 A = Elapsed time spent in this place.
 B = Non-inter-level travel time spent in this place.
 C = Inter-level travel time spent in this place.
 D = Time resting spent in this place.
 E = Time spent auto-exploring this place.
 F = Levels seen in this place.
 G = Mean time per level.
                   A        B        C        D        E       F      G
               +--------+--------+--------+--------+--------+-----+--------+
         Total |   7961 |   7704 |    257 |    830 |   5598 |   7 | 1137.3 |
       Dungeon |   7267 |   7010 |    257 |    597 |   5368 |   6 | 1211.2 |
         Sewer |    694 |    694 |      0 |    233 |    230 |   1 |  694.0 |
               +--------+--------+--------+--------+--------+-----+--------+

Top non-repeatable levels by time:
     D:5: 1682 daAuts
     D:3: 1555 daAuts
     D:1: 1506 daAuts
     D:4: 1352 daAuts
   Sewer: 694 daAuts
     D:2: 690 daAuts
     D:6: 480 daAuts
